 Dungeon Crawl Stone Soup version 0.28.0-43-g3370ac3207 (webtiles) character file.

Game seed: 12648587163699532105

435 pkoi the Insei (level 6, 0/48 HPs)
             Began as a Demigod Gladiator on Mar 29, 2022.
             Slain by an orc priest
             ... wielding a +0 morningstar
              (4 damage)
             ... on level 4 of the Dungeon.
             The game lasted 00:04:25 (3631 turns).

pkoi the Insei (Demigod Gladiator)                  Turns: 3631, Time: 00:04:26

Health: 0/48       AC:  4    Str: 19    XL:     6   Next: 40%
Magic:  0/8        EV: 13    Int: 16    God:
Gold:   154        SH:  0    Dex: 19    Spells: 5/5 levels left

rFire   . . .      SeeInvis .   f - +0 lajatang (spect)
rCold   . . .      Faith    .   (shield currently unavailable)
rNeg    . . .      Spirit   +   a - +0 leather armour
rPois   .          Reflect  .   b - +0 helmet
rElec   .          Harm     .   (no cloak)
rCorr   +          Rampage  .   (no gloves)
Will    .....                   (no boots)
Stlth   +.........              g - amulet of guardian spirit
HPRegen 0.16/turn               i - +6 ring of intelligence
MPRegen 0.11/turn               r - ring of resist corrosion

@: no status effects
A: high MP 1, forlorn, divine attributes
a: no special abilities


You were on level 4 of the Dungeon.
You visited 1 branch of the dungeon, and saw 4 of its levels.

You collected 154 gold pieces.

Inventory:

Hand Weapons
 e - a +0 spear
 f - a +0 spectral lajatang (weapon)
 n - a +0 dagger
Missiles
 c - 3 throwing nets (quivered)
Armour
 a - a +0 leather armour (worn)
 b - a +0 helmet (worn)
Jewellery
 g - an amulet of guardian spirit (around neck)
 i - a +6 ring of intelligence (left hand)
 r - a ring of resist corrosion (right hand)
Scrolls
 d - 4 scrolls of identify
 j - 2 scrolls of teleportation
 k - a scroll of vulnerability
 o - a scroll of fog {unknown}
Potions
 h - a potion of resistance
 l - a potion of might
 m - a potion of lignification
 p - 2 potions of flight {unknown}
 q - 2 potions of heal wounds {unknown}


   Skills:
 - Level 1.7 Fighting
 - Level 1.7 Throwing
 - Level 2.6 Dodging
 * Level 7.0 Unarmed Combat


You had 5 spell levels left.
You didn't know any spells.
Your spell library contained the following spells:

 Spells                   Type           Power      Damage    Failure   Level
 Portal Projectile        Hex/Tloc       0%         N/A       65%         3
 Blade Hands              Tmut           0%         N/A       100%        5
 Excruciating Wounds      Necr           0%         N/A       100%        5


Dungeon Overview and Level Annotations

Branches:
Dungeon (4/15)
 Temple: D:4-7

Annotations:
D:3 Sigmund
D:4 1 transporter, crimpus's ghost, amateur MiFi


Innate Abilities, Weirdness & Mutations

You have an increased reservoir of magic. (+10% MP)
You shall have no god before yourself.
Your divine heritage dramatically boosts your attributes as you level up.


Message History

The orc priest mumbles some strange prayers to Beogh against you.
Pain shoots through your body!
* * * LOW HITPOINT WARNING * * *
The orc priest closely misses you.
Unknown command.
You miss something.
Your +0 spectral lajatang hits something!!
Reactivating autopickup.
You feel a bit more experienced. The orc priest misses you.
Your Unarmed Combat skill increases to level 7!
Unknown command.
You hit the orc.
The orc is moderately wounded.
Your +0 spectral lajatang hits the orc!!
You kill the orc!
The orc priest hits you but does no damage.
The orc priest closely misses you.
Unknown command.
You closely miss the orc priest.
Your +0 spectral lajatang closely misses the orc priest.
The orc priest hits you with a +0 morningstar.
* * * LOW HITPOINT WARNING * * *
Unknown command.
You completely miss the orc priest.
Your +0 spectral lajatang closely misses the orc priest.
Your +0 spectral lajatang fades away.
The orc priest closely misses you.
Unknown command.
You hit the orc priest.
The orc priest is moderately wounded.
Your +0 spectral lajatang misses the orc priest.
The orc priest barely misses you.
The orc priest hits you with a +0 morningstar.
* * * LOW HITPOINT WARNING * * *
Unknown command.
You closely miss the orc priest.
The orc priest is moderately wounded.
Your +0 spectral lajatang barely misses the orc priest.
The orc priest hits you with a +0 morningstar.
You die...

#####..###......#
#(...........#
...#
..####©###...#
...## ##
###©##..# .... ..
.....##.# ...#
..# #....#.# ...#
...
.##..#.####(..# #
..#..W#..##)o..#
....#.##.#.@# ##
... #.#.## ..#.
#.!.# ## .#
#...## ###
###....## ...
.......# ###
######.. ###


You could see an orc priest and a friendly +0 spectral lajatang (summoned).

Vanquished Creatures
  Grinder (D:3)
  An iguana (D:4)
  An orc wizard (D:4)
  Robin (D:3)
  3 gnolls (D:3)
  7 adders
  3 dart slugs
  11 orcs
  7 endoplasms
  2 giant cockroaches
  12 goblins
  6 hobgoblins
  4 quokkas
  4 ball pythons
  7 bats
  8 frilled lizards
  5 kobolds
  4 rats
87 creatures vanquished.

Notes
Turn   | Place    | Note
-------+----------+-------------------------------------------
     0 | D:1      | pkoi the Demigod Gladiator began the quest for the Orb.
     0 | D:1      | Reached XP level 1. HP: 17/17 MP: 3/3
   160 | D:1      | Reached skill level 3 in Unarmed Combat
   370 | D:1      | Reached XP level 2. HP: 23/24 MP: 4/4
  1292 | D:2      | Reached XP level 3. HP: 26/29 MP: 5/5
  1414 | D:2      | Reached skill level 4 in Unarmed Combat
  1864 | D:2      | Identified a scroll of acquirement
  1864 | D:2      | Acquired a +0 spectral lajatang
  2203 | D:2      | Reached XP level 4. HP: 30/36 MP: 4/6
  2393 | D:3      | Reached skill level 5 in Unarmed Combat
  2714 | D:3      | Noticed Grinder
  2732 | D:3      | Paralysed by Grinder for 2 turns
  2739 | D:3      | Killed Grinder
  2740 | D:3      | Reached skill level 6 in Unarmed Combat
  2740 | D:3      | Reached XP level 5. HP: 11/41 MP: 3/7
  2740 | D:3      | Reached XP level 6. HP: 13/48 MP: 3/8
  2971 | D:3      | Noticed Robin
  2972 | D:3      | Noticed Sigmund
  3347 | D:3      | Killed Robin
  3595 | D:4      | Found a transporter.
  3608 | D:4      | Noticed crimpus's ghost (amateur MiFi)
  3627 | D:4      | Reached skill level 7 in Unarmed Combat
  3631 | D:4      | Slain by an orc priest

Illustrated notes

Levels and vault maps discovered:
D:1:      dpeg_arrival_tiny_d, layout_basic
D:2:      kennysheep_big_flooded_room, layout_basic
D:3:      layout_basic, hellmonk_ecumenical_altar_run_dry, uniq_grinder,
          uniq_robin, uniq_sigmund
D:4:      layout_rooms, gammafunk_ghost_stat_death

Skill      XL: |  1  2  3  4  5  6 |
---------------+-------------------+-----
Unarmed Combat | 3 4 6 7 |  7.0
Fighting       | |  1.7
Throwing       | |  1.7
Dodging        | |  2.6

Action                   |  1- 3 |  4- 6 || total
-------------------------+-------+-------++-------
Melee: Unarmed           |   169 |       ||   169
       Punch             |     2 |       ||     2
       Lajatang          |     4 |    70 ||    74
  Use: Scroll            |     4 |     4 ||     8
 Stab: Sleeping          |     1 |       ||     1
       Distracted        |       |     1 ||     1
Armor: Leather armour    |    52 |    14 ||    66
Dodge: Dodged            |   111 |    62 ||   173
